 Dungeon Crawl Stone Soup version 0.22-a0-351-g29664b4 (webtiles) character file.

11977 vishdafish the Spear-Bearer (level 11, -2/120 HPs)
             Began as an Octopode Berserker on Apr 12, 2018.
             Was a High Priest of Trog.
             Slain by an orc warrior
             ... wielding a +1 glaive of chopping
             ... led by an orc knight
              (12 damage)
             ... on level 2 of the Orcish Mines.
             The game lasted 00:25:31 (12475 turns).

vishdafish the Spear-Bearer (Octopode Berserker)   Turns: 12475, Time: 00:25:32

Health: -2/120     AC: 25    Str: 17    XL:     11   Next: 86%
Magic:  11/11      EV:  2    Int: 12    God:    Trog [*****.]
Gold:   713        SH:  6    Dex: 12    Spells: 10/10 levels left

rFire    . . .     SeeInvis +   O - +2 trident (pierce)
rCold    + . .     Gourm    .   w - +0 buckler of Meofrasu {rC+ MR+ SInv}
rNeg     + + +     Faith    .   (helmet currently unavailable)
rPois    +         Spirit   .   (no amulet)
rElec    .         Reflect  .   x - ring of stealth
rCorr    .         Harm     .   (no ring)
MR       +....     NoTele   +   (no ring)
Stlth    ++........             (no ring)
HPRegen  0.30/turn              (no ring)
MPRegen  0.12/turn              (no ring)
                                (no ring)
                                (no ring)

@: tree-form
A: almost no armour, stealthy swim, (amphibious), 8 rings, (constrict 8)
a: Berserk, Trog's Hand, Brothers in Arms, Renounce Religion


You were on level 2 of the Orcish Mines.
You worshipped Trog.
Trog was extremely pleased with you.
You were very hungry.
You were a tree.
You visited 2 branches of the dungeon, and saw 13 of its levels.

You collected 713 gold pieces.

Inventory:

Hand Weapons
 d - a +2 hand axe of flaming
 y - a +0 trident
 O - a +2 trident of piercing (weapon)
Missiles
 C - 2 poisoned javelins (quivered)
 K - 6 javelins of returning
Armour
 t - a +1 hat (melded)
 u - a +0 buckler
 w - the +0 buckler of Meofrasu (worn) {rC+ MR+ SInv}
   (You found it on level 5 of the Dungeon)

   It protects you from cold.
   It affects your resistance to hostile enchantments.
   It lets you see invisible.
Magical Staves
 J - an uncursed staff of conjuration
 M - an uncursed staff of power
Jewellery
 x - a ring of stealth (left branch)
 A - an uncursed amulet of rage
 N - a cursed ring of loudness {unknown}
Wands
 p - a wand of enslavement (12)
 r - a wand of paralysis (30)
 F - a wand of flame (46)
 G - a wand of disintegration (10)
 I - a wand of polymorph (21)
Scrolls
 c - 2 scrolls of noise
 i - 3 scrolls of enchant weapon
 j - 5 scrolls of amnesia
 n - 2 scrolls of enchant armour
 z - a scroll of remove curse
Potions
 a - a potion of resistance {unknown}
 f - 3 potions of lignification
 h - 2 potions of haste {unknown}
 k - 3 potions of heal wounds {unknown}
 l - 2 potions of curing
 q - 2 potions of flight {unknown}
 v - a potion of ambrosia {unknown}
 B - a potion of mutation {unknown}
Comestibles
 b - 14 rations


   Skills:
 * Level 9.4 Fighting
 + Level 11.3 Polearms
 + Level 7.7 Dodging
 - Level 9.9 Shields


You had 10 spell levels left.
You didn't know any spells.

Dungeon Overview and Level Annotations

Branches:
Dungeon (11/15)            Temple (0/1) D:4             Orc (2/2) D:11
   Lair: D:8-11         Elf: Orc:2

Altars:
Cheibriados
Dithmenos
Elyvilon
Kikubaaqudgha
Makhleb
Nemelex Xobeh
Okawaru
Ru
Sif Muna
Trog
Vehumet
The Shining One
Beogh

Shops:
D:5 (   Orc:2 [*

Annotations:
D:4 Eustachio
D:10 Urug


Innate Abilities, Weirdness & Mutations

You cannot wear most types of armour.
You are very stealthy in the water. (Stealth+)
((You are amphibious.))
You can wear up to eight rings at the same time.
((You can use your tentacles to constrict eight enemies at once.))
((Your skin changes colour to match your surroundings (Stealth+).))
((Your rubbery body absorbs attacks. (AC +1, EV +1)))


Message History

Found 24 gold pieces.
A warg, an orc warrior and an orc sorcerer come into view.
The orc warrior is wielding a glaive of chopping.
Okay, then.
Okay, then.
You turn into a tree.
Your +1 hat melds into your body.
Your roots penetrate the ground.
You block the orc's attack.
The orc sorcerer mumbles some strange words.
The orc warrior hits you with a glaive of chopping!
* * * LOW HITPOINT WARNING * * *
x2 Unknown command.
Your troll goes berserk!
You feel quite a bit more hungry.
You are feeling very hungry.
The orc knight roars a battlecry!
The orcs go into a battle-frenzy!
The orc hits you with a dagger.
* * * LOW HITPOINT WARNING * * *
The orc warrior hits you with a glaive of chopping!
You die...

# ### #.#..##
.......##
.......T#
.......♣#
......ooo....#
#......h...###
.......#.o...
.......
o......
..#....
.#..... .
..... #.##..#
...... . ###


You could see an orc knight, a warg, an orc sorcerer, 2 orc warriors, an orc and
a friendly troll (berserk).

Vanquished Creatures
  Erica (D:9)
  5 two-headed ogres
  Pikel (D:7)
  2 orc sorcerers
  Joseph (D:10)
  4 yaks (D:9)
  A spriggan (D:8)
  A wyvern (D:11)
  A wraith (D:10)
  The ghost of Nib the Sneak, an amateur OpAs (D:4)
  2 wargs
  Duvessa (D:4)
  2 water moccasins
  14 orc warriors
  A black bear (D:10)
  2 slaves (D:7)
  4 ogres
  3 phantoms
  4 centaurs
  2 big kobolds
  A bullfrog (D:10)
  Dowan (D:4)
  4 scorpions
  A howler monkey (D:6)
  A crimson imp (D:5)
  2 bullfrog zombies
  A quasit (D:5)
  5 hounds
  2 jellies
  14 orc priests
  A centaur skeleton (D:11)
  16 orc wizards
  3 bullfrog skeletons
  Ijyb (D:5)
  Terence (D:3)
  An iguana (D:8)
  7 worker ants
  2 hell rats (D:11)
  A hound skeleton (D:11)
  A worker ant zombie (D:8)
  3 gnolls
  8 adders
  A river rat (D:11)
  2 shadow imps
  2 oozes
  An adder skeleton (D:9)
  2 worms
  2 dart slugs (D:1)
  4 leopard geckos
  72 orcs
  4 ball pythons
  5 giant cockroaches
  3 goblins
  9 hobgoblins
  4 jackals
  23 kobolds
  9 quokkas
  7 bats
  4 frilled lizards
  A leopard gecko zombie (D:5)
  A quokka skeleton (D:6)
  7 rats
293 creatures vanquished.

Vanquished Creatures (collateral kills)
  2 ogres (Orc:2)
  A gnoll sergeant (Orc:2)
  2 orc priests (Orc:2)
  An orc wizard (Orc:2)
  A gnoll (Orc:2)
  5 orcs (Orc:2)
12 creatures vanquished.

Grand Total: 305 creatures vanquished

Notes
Turn   | Place    | Note
-------+----------+-------------------------------------------
     0 | D:1      | vishdafish the Octopode Berserker began the quest for the Orb.
     0 | D:1      | Reached XP level 1. HP: 16/16 MP: 1/1
   146 | D:1      | Reached XP level 2. HP: 20/21 MP: 2/2
   377 | D:1      | Reached XP level 3. HP: 24/26 MP: 3/3
   631 | D:1      | Reached ** piety under Trog
   849 | D:2      | Found a deep blue altar of Sif Muna.
   985 | D:2      | Found a sparkling altar of Nemelex Xobeh.
  1120 | D:3      | Found a sacrificial altar of Ru.
  1146 | D:3      | Reached skill level 4 in Polearms
  1157 | D:3      | Found a radiant altar of Vehumet.
  1157 | D:3      | Found a shadowy altar of Dithmenos.
  1195 | D:3      | Reached XP level 4. HP: 31/31 MP: 4/4
  1299 | D:3      | Found a glowing golden altar of the Shining One.
  1317 | D:3      | Noticed Terence
  1324 | D:3      | Killed Terence
  1477 | D:3      | Found a white marble altar of Elyvilon.
  1516 | D:3      | Reached XP level 5. HP: 37/37 MP: 5/5
  1519 | D:3      | Found a snail-covered altar of Cheibriados.
  1520 | D:3      | Found an iron altar of Okawaru.
  1521 | D:3      | Found a burning altar of Makhleb.
  1646 | D:3      | Reached *** piety under Trog
  1719 | D:4      | Noticed Dowan
  1721 | D:4      | Noticed Duvessa
  1740 | D:4      | Killed Duvessa
  1740 | D:4      | Reached skill level 5 in Polearms
  1740 | D:4      | Reached XP level 6. HP: 43/43 MP: 6/6
  1750 | D:4      | Killed Dowan
  2197 | D:4      | Noticed Nib's ghost (amateur OpAs)
  2222 | D:4      | Killed Nib's ghost
  2222 | D:4      | Reached XP level 7. HP: 49/49 MP: 7/7
  2322 | D:4      | Found a faded altar of an unknown god.
  2324 | D:4      | Found a staircase to the Ecumenical Temple.
  2512 | D:4      | Reached skill level 6 in Polearms
  2642 | D:4      | Noticed Eustachio
  2664 | D:4      | Reached skill level 5 in Dodging
  3133 | D:4      | Reached skill level 5 in Fighting
  3257 | D:5      | Entered Level 5 of the Dungeon
  3621 | D:5      | Noticed Ijyb
  3630 | D:5      | Killed Ijyb
  3630 | D:5      | Reached XP level 8. HP: 55/55 MP: 8/8
  3730 | D:5      | Reached skill level 7 in Polearms
  4039 | D:5      | Found Sumiar's Antique Weapon Emporium.
  4162 | D:5      | Reached skill level 1 in Shields
  4308 | D:5      | Got an ancient buckler
  4314 | D:5      | Identified the cursed +0 buckler of Meofrasu {rC+ MR+ SInv} (You found it on level 5 of the Dungeon)
  4485 | D:5      | Reached **** piety under Trog
  5036 | D:6      | Reached skill level 8 in Polearms
  5073 | D:6      | Reached XP level 9. HP: 51/61 MP: 9/9
  5421 | D:6      | Reached skill level 5 in Shields
  5817 | D:7      | Found an ancient bone altar of Kikubaaqudgha.
  6071 | D:7      | Noticed Pikel
  6089 | D:7      | Killed Pikel
  6338 | D:7      | Received a gift from Trog
  6367 | D:7      | Reached skill level 9 in Polearms
  7319 | D:8      | Found a radiant altar of Vehumet.
  7753 | D:9      | Noticed Erica
  7766 | D:9      | Killed Erica
  7766 | D:9      | Reached XP level 10. HP: 66/66 MP: 10/10
  7967 | D:9      | Found a bloodstained altar of Trog.
  8735 | D:10     | Entered Level 10 of the Dungeon
  8812 | D:10     | Noticed Joseph
  8987 | D:9      | Reached skill level 10 in Polearms
  9288 | D:10     | Killed Joseph
  9517 | D:10     | Received a gift from Trog
  9997 | D:10     | Reached ***** piety under Trog
 10044 | D:10     | Noticed an orange demon
 10044 | D:10     | Noticed an orange demon
 10047 | D:10     | Noticed an orange demon
 10049 | D:10     | Noticed Urug
 10522 | D:11     | Reached XP level 11. HP: 55/74 MP: 11/11
 10663 | D:11     | Found a roughly hewn altar of Beogh.
 10728 | D:11     | Noticed a two-headed ogre
 10736 | D:11     | Killed a two-headed ogre
 10767 | D:11     | Noticed a two-headed ogre
 10976 | D:11     | Noticed a two-headed ogre
 10996 | D:11     | Killed a two-headed ogre
 11116 | D:11     | Received a gift from Trog
 11117 | D:11     | Found a staircase to the Orcish Mines.
 11125 | D:11     | Killed a two-headed ogre
 11231 | D:11     | Noticed a two-headed ogre
 11237 | D:11     | Killed a two-headed ogre
 11237 | D:11     | Reached skill level 11 in Polearms
 11380 | D:11     | Noticed a death yak
 11380 | D:11     | Noticed a death yak
 11381 | D:11     | Noticed a death yak
 11411 | Orc:1    | Entered Level 1 of the Orcish Mines
 11423 | Orc:1    | Noticed an orc sorcerer
 11430 | Orc:1    | Killed an orc sorcerer
 12045 | Orc:2    | Entered Level 2 of the Orcish Mines
 12051 | Orc:2    | Noticed an orc sorcerer
 12051 | Orc:2    | Noticed a two-headed ogre
 12126 | Orc:1    | Killed a two-headed ogre
 12148 | Orc:2    | Noticed an orc knight
 12451 | Orc:2    | Killed an orc sorcerer
 12468 | Orc:2    | Found Jeerim's General Store.
 12468 | Orc:2    | Found Sethrezetz's Armour Emporium.
 12468 | Orc:2    | Noticed an orc high priest
 12468 | Orc:2    | Noticed an orc high priest
 12473 | Orc:2    | Noticed an orc knight
 12474 | Orc:2    | Noticed an orc sorcerer
 12475 | Orc:2    | Slain by an orc warrior

Vault maps used:
D:1:      tarquinn_simple_flora_water_b
D:2:      lemuel_crystal_altar, lemuel_coloured_pillars_altar
D:3:      overflow_temple_1_default, lemuel_round_altar, elyvilon_altar_5,
          gammafunk_temple_overflow_claw, amethyst_overflow_temple_binary,
          first_ration, uniq_terence
D:4:      nicolae_temple_entry_ecumenical, uniq_eustachio, uniq_duvessa
D:5:      corexii_shack_village, serial_shops, nicolae_shop_window_shopping,
          uniq_ijyb
D:6:      serial_curves, eino_curves_04, eino_curves_01
D:7:      old_standard_altar, uniq_pikel
D:8:      basic_altar, the_bakery
D:9:      bloody_trog, uniq_erica
D:10:     minmay_beelzebubs_servants, uniq_urug, uniq_joseph
D:11:     dpeg_lair_monsters, orc_0_dummy, special_room
Orc:1:    basic_altar
Orc:2:    st_orc_mages, lab_entry_generic

Skill      XL: |  1  2  3  4  5  6  7  8  9 10 11 |
---------------+----------------------------------+-----
Polearms       | 4 5 6 8 9 10 11 | 11.3
Fighting       | 4 5 6 9 |  9.4
Dodging        | 4 5 6 7 |  7.7
Shields        | 4 8 9 |  9.9

Action                   |  1- 3 |  4- 6 |  7- 9 | 10-12 || total
-------------------------+-------+-------+-------+-------++-------
Melee: Spear             |    85 |    80 |   189 |     9 ||   363
       Tentacles         |    14 |    17 |    66 |    72 ||   169
       Constrict         |    16 |    16 |    57 |    63 ||   152
       Trident           |       |       |   146 |   381 ||   527
Throw: Throwing net      |       |     1 |       |       ||     1
       Javelin           |       |       |     1 |     5 ||     6
Invok: Berserk           |       |     4 |    24 |    18 ||    46
       Brothers in Arms  |       |       |       |     2 ||     2
Evoke: Wand              |       |       |       |     9 ||     9
  Use: Scroll            |       |       |     2 |    12 ||    14
       Potion            |       |       |       |     6 ||     6
 Stab: Sleeping          |     9 |     4 |    17 |     6 ||    36
       Distracted        |       |     1 |     1 |     3 ||     5
       Paralysed         |       |       |       |     5 ||     5
  Eat: Chunk             |       |     4 |    14 |    17 ||    35
       Ration            |       |     1 |     8 |     4 ||    13
Armor: Skin              |     8 |     3 |     8 |    14 ||    33
Dodge: Dodged            |    28 |    30 |   136 |   169 ||   363
Block: Buckler           |       |       |    27 |    76 ||   103

Table legend:
 A = Spawn XP
 B = Non-spawn XP
 C = Spawn XP percentage of total XP
 D = Spawn monster count
 E = Non-spawn monster count
 F = Spawn count percentage of total count
 G = Total turns spent on level
                    A         B        C        D         E        F      G
               +---------+---------+-------+---------+---------+-------+---------
         Total |       0 |   17111 |   0.0 |       0 |     303 |   0.0 | 12475
               +---------+---------+-------+---------+---------+-------+---------
           D:1 |       0 |      44 |   0.0 |       0 |      23 |   0.0 |   690
           D:2 |       0 |      17 |   0.0 |       0 |       9 |   0.0 |   419
           D:3 |       0 |     126 |   0.0 |       0 |      27 |   0.0 |   823
           D:4 |       0 |     827 |   0.0 |       0 |      16 |   0.0 |  1325
           D:5 |       0 |     874 |   0.0 |       0 |      32 |   0.0 |  1643
           D:6 |       0 |    1095 |   0.0 |       0 |      27 |   0.0 |   966
           D:7 |       0 |     944 |   0.0 |       0 |      17 |   0.0 |   756
           D:8 |       0 |     354 |   0.0 |       0 |       8 |   0.0 |  1043
           D:9 |       0 |    2252 |   0.0 |       0 |      18 |   0.0 |  1494
          D:10 |       0 |    1579 |   0.0 |       0 |      25 |   0.0 |   903
          D:11 |       0 |    5450 |   0.0 |       0 |      59 |   0.0 |  1349
         Orc:1 |       0 |    2378 |   0.0 |       0 |      22 |   0.0 |   948
         Orc:2 |       0 |    1171 |   0.0 |       0 |      20 |   0.0 |   116
               +---------+---------+-------+---------+---------+-------+---------
